 Dungeon Crawl Stone Soup version 0.21.1-1-g345015f (webtiles) character file.

36 lyrx the Insei (level 3, -2/23 HPs)
             Began as an Octopode Transmuter on Mar 2, 2018.
             Slain by a goblin
             ... wielding a +0 club
             ... led by Robin
              (7 damage)
             ... on level 2 of the Dungeon.
             The game lasted 00:06:16 (1046 turns).

lyrx the Insei (Octopode Transmuter)                Turns: 1046, Time: 00:06:17

Health: -2/23      AC:  1    Str:  9    XL:     3   Next: 37%
Magic:  1/6        EV: 13    Int: 16    God:
Gold:   48         SH:  0    Dex: 12    Spells: 3/6 levels left

rFire    . . .     SeeInvis .     - Unarmed
rCold    . . .     Gourm    .   (no shield)
rNeg     . . .     Faith    .   (helmet restricted)
rPois    .         Spirit   .   (no amulet)
rElec    .         Reflect  .   (no ring)
rCorr    .         Harm     .   (no ring)
MR       .....                  (no ring)
Stlth    ++........             (no ring)
HPRegen  0.07/turn              (no ring)
MPRegen  0.10/turn              (no ring)
                                (no ring)
                                (no ring)

@: no status effects
A: almost no armour, stealthy swim, amphibious, 8 rings, constrict 8, camouflage
1, gelatinous body 1
a: no special abilities


You were on level 2 of the Dungeon.
You were hungry.

You visited 1 branch of the dungeon, and saw 2 of its levels.

You collected 48 gold pieces.

Inventory:

Missiles
 a - 25 arrows
Scrolls
 e - a scroll of identify
 f - a scroll of remove curse
Books
 b - a book of Changes

   Spells                             Type                      Level
   a - Beastly Appendage              Transmutation                1
   b - Sticks to Snakes               Transmutation                2
   c - Spider Form                    Transmutation/Poison         3
   d - Ice Form                       Ice/Transmutation            4
   e - Blade Hands                    Transmutation                5
Comestibles
 c - 2 rations


   Skills:
 - Level 1.0 Fighting
 - Level 2.4 Dodging
 - Level 0.2 Stealth
 - Level 3.5 Unarmed Combat
 - Level 2.0 Spellcasting
 + Level 2.8 Transmutations


You had 3 spell levels left.
You knew the following spells:

 Your Spells              Type           Power        Failure   Level  Hunger
a - Beastly Appendage     Tmut           ##....       6%          1    #......
b - Sticks to Snakes      Tmut           ##......     10%         2    ###....


Dungeon Overview and Level Annotations

Branches:
Dungeon (2/15)

Altars:

Annotations:
D:2 Robin


Innate Abilities, Weirdness & Mutations

You cannot wear most types of armour.
You are very stealthy in the water. (Stealth+)
You are amphibious.
You can wear up to eight rings at the same time.
You can use your tentacles to constrict eight enemies at once.
Your skin changes colour to match your surroundings (Stealth+).
Your rubbery body absorbs attacks. (AC +1, EV +1)


Message History

You kill the goblin!
Your ball python bites the giant cockroach but does no damage.
Your ball python barely misses the giant cockroach.
Your ball python bites the giant cockroach.
Your ball python grabs the giant cockroach.
Your ball python constricts the giant cockroach.
The giant cockroach closely misses your ball python.
The goblin hits your ball python with a club.
Your ball python dies!
The goblin hits you with a club.
Your ball python bites the giant cockroach but does no damage.
Your ball python grabs the giant cockroach.
Your ball python constricts the giant cockroach.
You completely miss the goblin. Your grab misses the goblin.
The giant cockroach bites you. Robin throws the goblin at you!
* * * LOW HITPOINT WARNING * * *
Your ball python bites the giant cockroach.
Your ball python constricts the giant cockroach.
The goblin barely misses you. The goblin hits you with a club!
You die...

..#.## .....# ##
#.#..######## #.
#.#..#.>....# . #.
#.##.#......
.g####.###.##.......
#g.........##...##
#..g.g)gg......<.#
#.....)@S............#
.......s..##.##.#..#.#
#.........##.##.##....
...>...#####....# ####
####..< ###..# #.##
..# #.. #..# ...


You could see Robin, a giant cockroach, 5 goblins and a friendly ball python.

Vanquished Creatures
  2 ball pythons
  2 giant cockroaches (D:1)
  3 goblins
  9 hobgoblins
  3 jackals (D:1)
  4 bats (D:1)
  A frilled lizard (D:1)
  2 kobolds (D:1)
  4 rats (D:1)
30 creatures vanquished.

Vanquished Creatures (collateral kills)
  2 goblins (D:2)
2 creatures vanquished.

Grand Total: 32 creatures vanquished

Notes
Turn   | Place    | Note
-------+----------+-------------------------------------------
     0 | D:1      | lyrx the Octopode Transmuter began the quest for the Orb.
     0 | D:1      | Reached XP level 1. HP: 13/13 MP: 3/3
   141 | D:1      | Reached XP level 2. HP: 11/18 MP: 5/5
   724 | D:1      | Reached XP level 3. HP: 20/23 MP: 6/6
   728 | D:1      | Learned a level 2 spell: Sticks to Snakes
  1036 | D:2      | Noticed Robin
  1046 | D:2      | Slain by a goblin

Action                   || total
-------------------------++-------
Melee: Unarmed           ||    74
       Constrict         ||    18
       Tentacles         ||    10
 Cast: Sticks to Snakes  ||     3
  Use: Scroll            ||     2
       Potion            ||     1
 Stab: Sleeping          ||     2
Armor: Skin              ||     5
Dodge: Dodged            ||    58
